 Dungeon Crawl Stone Soup version 0.31-a0-112-gdf0485fa37 (webtiles) character file.

Game seed: 12569421909666631434

33 Bigbad the Gusty (level 3, -1/26 HPs)
             Began as a Demigod Air Elementalist on May 28, 2023.
             Slain by a hobgoblin (5 damage)
             ... led by Robin
             ... on level 2 of the Dungeon.
             The game lasted 00:12:42 (1063 turns).

Bigbad the Gusty (Demigod Air Elementalist)         Turns: 1063, Time: 00:12:43

Health: -1/26      AC:  2    Str:  9    XL:     3   Next: 0%
Magic:  8/9        EV: 12    Int: 21    God:
Gold:   66         SH:  0    Dex: 14    Spells: 4/6 levels left

rFire   . . .        g - +2 dagger (protect)
rCold   . . .        (no shield)
rNeg    . . .        a - +0 robe
rPois   .            (no helmet)
rElec   .            (no cloak)
rCorr   .            (no gloves)
SInv    .            (no boots)
Will    .....        (no amulet)
Stlth   ++           (no ring)
HPRegen 0.24/turn    (no ring)
MPRegen 0.11/turn

%: no passive effects
@: lethally poisoned (-1 -> -18), very slightly contaminated
A: high MP 1, forlorn, divine attributes
a: no special abilities


You were on level 2 of the Dungeon.
You visited 1 branch of the dungeon, and saw 2 of its levels.

You collected 66 gold pieces.

Inventory:

Hand Weapons
 c - a +0 short sword
 d - a +0 hand axe
 g - a +2 dagger of protection (weapon)
Armour
 a - a +0 robe (worn)
 j - a +0 ring mail
Potions
 e - a potion of heal wounds
 f - 2 potions of invisibility {unknown}
 i - a potion of curing {unknown}
 k - a potion of lignification {unknown}
 l - a potion of might {unknown}
 n - a potion of cancellation {unknown}


   Skills:
 + Level 1.8 Dodging
 + Level 1.8 Stealth
 + Level 2.3 Spellcasting
 + Level 1.1 Conjurations
 + Level 3.2 Air Magic


You had 4 spell levels left.
You knew the following spells:

 Your Spells              Type           Power      Damage    Failure   Level
a - Shock                 Conj/Air       44%        1d5       6%          1
b - Beastly Appendage     Tmut           4%         N/A       14%         1

Your spell library contained the following spells:

 Spells                   Type           Power      Damage    Failure   Level
 Static Discharge         Conj/Air       22%        2-3/arc   9%          2
 Swiftness                Air            16%        N/A       11%         3
 Slow                     Hex            8%         N/A       14%         1
 Wereblood                Tmut           2%         N/A       22%         2
 Airstrike                Air            8%         2d(2-18)  36%         4
 Confusing Touch          Hex            2%         N/A       38%         3
 Gell's Gravitas          Tloc           2%         N/A       38%         3
 Inner Flame              Hex/Fire       2%         N/A       38%         3
 Spider Form              Tmut/Pois      2%         N/A       38%         3
 Teleport Other           Tloc           2%         N/A       38%         3
 Vampiric Draining        Necr           2%         2d6       38%         3
 Yara's Violent Unravell  Hex/Tmut       1%         3d3       98%         5
 Dispersal                Tloc           1%         N/A       100%        6
 Enfeeble                 Hex            1%         N/A       100%        7


Dungeon Overview and Level Annotations

Branches:
Dungeon (2/15)

Shops:
D:2 !

Annotations:
D:2 Robin


Innate Abilities, Weirdness & Mutations

You have an increased reservoir of magic. (+10% MP)
You shall have no god before yourself.
Your divine heritage dramatically boosts your attributes as you level up.


Message History

Robin throws the goblin at you!
Casting: Shock (safe; 6% risk of failure)
Confirm with . or Enter, or press ? or * to list all spells.
You miscast Beastly Appendage.
You are very lightly contaminated with residual magic.
Nothing appears to happen.
The goblin closely misses you. The goblin barely misses you.
Robin throws the goblin at you!
As you read the scroll of identify, it crumbles to dust.
e - 3 potions of heal wounds The goblin barely misses you.
The goblin hits you with a +0 club. The goblin hits you with a +0 dagger.
* * * LOW HITPOINT WARNING * * *
You feel much better. The goblin barely misses you.
The goblin hits you with a +0 dagger. x2; The hobgoblin closely misses you.
Magic courses through your body.
The hobgoblin no longer looks unusually strong.
The goblin closely misses you. The goblin hits you with a +0 dagger.
The goblin hits you but does no damage. The hobgoblin hits you.
Casting: Beastly Appendage (safe; 14% risk of failure)
Confirm with . or Enter, or press ? or * to list all spells.
Aiming: Shock (safe; 6% risk of failure)
Press: ? - help, Shift-Dir - straight line, f - Robin
Aim: Robin, wielding a +1 dagger of venom, wearing a +0 animal skin and wearing a +0 helmet (severely wounded, 77% to hit)
The zap misses Robin.
The goblin hits you but does no damage. x2
The goblin hits you with a +0 dagger.
Robin hits you with a +1 dagger of venom.
* * * LOW HITPOINT WARNING * * *
You are lethally poisoned!
The hobgoblin hits you.
* * * LOW HITPOINT WARNING * * *
You feel much better.
You feel very sick. The goblin hits you with a +0 club.
The goblin hits you with a +0 dagger.
* * * LOW HITPOINT WARNING * * *
The goblin barely misses you.
Robin hits you with a +1 dagger of venom.
* * * LOW HITPOINT WARNING * * *
You are more poisoned.
The hobgoblin hits you.
You die...

#....g..#
####.#### #)##
#.).## #.....#
##.).)...
...####.........
......ggg.......+
#@g.......#
##g...... #.....#
#...## #+##


You could see Robin, a hobgoblin and 3 goblins.

Vanquished Creatures
  A dart slug (D:1)
  3 endoplasms (D:1)
  A giant cockroach (D:1)
  6 goblins
  3 hobgoblins
  2 quokkas (D:2)
  A ball python (D:1)
  4 bats (D:1)
  2 kobolds (D:1)
  5 rats
28 creatures vanquished.

Notes
Turn   | Place    | Note
-------+----------+-------------------------------------------
     0 | D:1      | Bigbad the Demigod Air Elementalist began the quest for the
                  | Orb.
     0 | D:1      | Reached XP level 1. HP: 14/14 MP: 5/5
   232 | D:1      | Learned a level 1 spell: Beastly Appendage
   256 | D:1      | Reached skill level 3 in Air Magic
   312 | D:1      | Reached XP level 2. HP: 20/20 MP: 5/7
   765 | D:2      | Found Hacuejerph's Distillery.
   833 | D:2      | Reached skill level 1 in Conjurations
  1046 | D:2      | Noticed Robin
  1054 | D:2      | Reached XP level 3. HP: 17/26 MP: 0/9
  1063 | D:2      | Slain by a hobgoblin

Illustrated notes

Levels and vault maps discovered:
D:1:      minmay_arrival_arboretum_small, layout_rooms, minmay_pentomino_q2
D:2:      layout_loops_corners, serial_shops, shop, uniq_robin

Skill      XL: |  1  2 |
---------------+-------+-----
Spellcasting   | 2 |  2.3
Air Magic      | 3 |  3.2
Conjurations   | 1 |  1.1
Dodging        | |  1.8
Stealth        | |  1.8

Action                     || total
---------------------------++-------
  Melee: Dagger            ||    10
         Kick              ||     2
         Headbutt          ||     1
   Cast: Shock             ||    48
         Beastly Appendage ||     2
    Use: Scroll            ||     3
         Potion            ||     3
 Armour: Robe              ||    10
  Dodge: Dodged            ||    21

Table legend: (Time is in decaauts)
 A = Elapsed time spent in this place.
 B = Non-inter-level travel time spent in this place.
 C = Inter-level travel time spent in this place.
 D = Time resting spent in this place.
 E = Time spent auto-exploring this place.
 F = Levels seen in this place.
 G = Mean time per level.
                   A        B        C        D        E       F      G
               +--------+--------+--------+--------+--------+-----+--------+
         Total |   1061 |    683 |    378 |    395 |    133 |   2 |  530.5 |
       Dungeon |   1061 |    683 |    378 |    395 |    133 |   2 |  530.5 |
               +--------+--------+--------+--------+--------+-----+--------+

Top non-repeatable levels by time:
     D:1: 764 daAuts
     D:2: 297 daAuts
